 Dungeon Crawl Stone Soup version 0.32-a0-968-g61e5eb5241 (webtiles) character file.

Game seed: 4950709620968459336

690 Malachi the Shooter (level 7, -4/55 HPs)
             Began as a Coglin Hunter on Apr 18, 2024.
             Was a Believer of Beogh.
             Slain by a sleepcap (19 damage)
             ... on level 4 of the Dungeon.
             The game lasted 00:06:00 (3567 turns).

Malachi the Shooter (Coglin Hunter)                 Turns: 3567, Time: 00:06:01

Health: -4/55      AC:  4    Str: 11    XL:     7   Next: 63%
Magic:  8/8        EV:  2    Int:  9    God:    Beogh [**....]
Gold:   310        SH:  0    Dex: 19    Spells: 6/6 levels left

rFire   . . .        a - +3 sling {Yongsun}
rCold   . . .        d - +0 sling {Arun}
rNeg    . . .        c - +1 leather armour
rPois   .            (no helmet)
rElec   .            (no cloak)
rCorr   .            (no gloves)
SInv    .            (no boots)
Will    .....        (amulet unavailable)
Stlth   ++           (ring unavailable)
HPRegen 0.29/turn    (ring unavailable)
MPRegen 0.11/turn    (no gizmo)

%: no passive effects
@: sleeping, revved
A: off-hand wielding, slow wielding, warmup strikes, no jewellery
a: Invent Gizmo, Renounce Religion, Smiting


You were on level 4 of the Dungeon.
You worshipped Beogh.
Beogh was pleased with you.
You visited 1 branch of the dungeon, and saw 4 of its levels.

You collected 310 gold pieces.

Inventory:

Hand Weapons
 a - a +3 sling (weapon) {Yongsun}
 d - a +0 sling (offhand) {Arun}
Armour
 c - a +1 leather armour (worn)
Scrolls
 e - a scroll of identify
 h - a scroll of noise
Potions
 i - a potion of lignification
 l - a potion of haste {unknown}
 n - a potion of might {unknown}
 p - a potion of enlightenment {unknown}
 q - a potion of mutation {unknown}
 r - a potion of attraction


   Skills:
 + Level 4.4 Fighting
 + Level 5.2 Ranged Weapons
 + Level 4.0 Dodging
 - Level 2.8 Stealth
 + Level 1.7 Invocations


You had 6 spell levels left.
You didn't know any spells.
Your spell library contained the following spells:

 Spells                   Type           Power      Damage    Failure   Level
 Sandblast                Erth           0%         2d4       47%         1
 Blink                    Tloc           0%         N/A       63%         2
 Lesser Beckoning         Tloc           0%         N/A       63%         2
 Momentum Strike          Conj/Tloc      0%         3d8       63%         2
 Passwall                 Erth           0%         N/A       85%         3
 Stone Arrow              Conj/Erth      0%         3d7       85%         3
 Ignite Poison            Fire/Alch      0%         N/A       99%         4
 Sticky Flame             Fire/Alch      0%         2d4       99%         4
 Ignition                 Fire           0%         3d3       100%        8


Dungeon Overview and Level Annotations

Branches:
Dungeon (4/15)
 Temple: D:4-7

Altars:
Dithmenos
Fedhas
Kikubaaqudgha
Makhleb
Qazlal
Beogh

Shops:
D:2 [

Annotations:
D:4 Pikel


Innate Abilities, Weirdness & Mutations

Your facial features look somewhat orcish.
You can wield a second weapon in your off-hand.
It takes a long time for you to wield or remove held weapons.
Your first few attacks do less damage.
You cannot equip rings or amulets.


Message History

Press: ? - help, Q - select action, (/) - cycle Shift-Dir - straight line, f/p - phantom
Aim: a phantom (almost destroyed, 57% to hit)
You shoot a sling bullet. The sling bullet hits the phantom.
You destroy the phantom!
Beogh accepts your kill.
You shoot a sling bullet.
Your Dodging skill increases to level 4!
Fire: a) +3 sling {Yongsun}
Press: ? - help, Q - select action, (/) - cycle Shift-Dir - straight line, f - sleepcap
Aim: a sleepcap (98% to hit)
You shoot a sling bullet. The sling bullet hits the sleepcap!
The sleepcap is moderately damaged.
You shoot a sling bullet.
The sling bullet hits the sleepcap but does no damage.
The sleepcap is moderately damaged.
Unknown command.
Fire: a) +3 sling {Yongsun}
Press: ? - help, Q - select action, (/) - cycle Shift-Dir - straight line, f/p - sleepcap
Aim: a sleepcap (moderately damaged, 98% to hit)
You shoot a sling bullet. The sling bullet hits the sleepcap.
The sleepcap is heavily damaged.
You shoot a sling bullet.
The sling bullet hits the sleepcap but does no damage.
The sleepcap is heavily damaged.
The sleepcap barely misses you.
Unknown command.
Fire: a) +3 sling {Yongsun}
Press: ? - help, Q - select action, (/) - cycle Shift-Dir - straight line, f/p - sleepcap
Aim: a sleepcap (heavily damaged, 98% to hit)
You shoot a sling bullet. The sling bullet hits the sleepcap.
The sleepcap is heavily damaged.
You shoot a sling bullet.
The sling bullet hits the sleepcap but does no damage.
The sleepcap is heavily damaged.
The sleepcap releases spores at you.
* * * LOW HITPOINT WARNING * * *
You are engulfed in a cloud of soporific spores!
You fall asleep.
The sleepcap releases spores at you!!
You die...

.##
.....###.###.........##
..#### #'''#
#.............# .....###
##...# #.._....b...###
........##..###
##....#..#####
(.####.....######..#######
### ####......#...## #
####........##
######.......#
##......f@###..#
#.......§...##..#
#.≈≈≈≈≈≈≈≈≈.# #...
##.≈....§....# #..
#..§.###.#.≈.# #. #..≈.#
..#.≈.# #..≈.#._.#.≈.#
####..≈.#...#.≈.#
#.....§.#.###


You could see a sleepcap.

Vanquished Creatures
  Pargi (D:3)
  An ogre (D:4)
  A phantom (D:4)
  A lemure (D:4)
  Blork the orc (D:4)
  A scorpion (D:4)
  A jelly (D:4)
  An orc priest (D:3)
  Jessica (D:3)
  An iguana (D:4)
  An orc wizard (D:4)
  A sleepcap (D:4)
  A gnoll (D:1)
  5 adders
  A dart slug (D:4)
  2 ribbon worms (D:2)
  4 orcs
  4 endoplasms
  3 giant cockroaches
  2 goblins (D:1)
  9 hobgoblins
  6 jackals
  7 kobolds
  2 quokkas (D:2)
  11 ball pythons
  11 bats
  4 frilled lizards
  5 rats
89 creatures vanquished.

Notes
Turn   | Place    | Note
-------+----------+-------------------------------------------
     0 | D:1      | Malachi the Coglin Hunter began the quest for the Orb.
     0 | D:1      | Reached XP level 1. HP: 16/16 MP: 1/1
   122 | D:1      | Reached skill level 1 in Stealth
   122 | D:1      | Reached XP level 2. HP: 22/22 MP: 2/2
   304 | D:1      | Reached XP level 3. HP: 28/28 MP: 3/3
   696 | D:2      | Found a faded altar of an unknown god.
   739 | D:2      | Prayed at the altar of an unknown god.
   739 | D:2      | Became a worshipper of Beogh the Shepherd
   739 | D:2      | Reached * piety under Beogh
   750 | D:2      | Found Ziyrphice's Armour Shoppe.
   893 | D:2      | Reached skill level 4 in Ranged Weapons
   932 | D:2      | Reached XP level 4. HP: 34/34 MP: 4/4
  1178 | D:3      | Found a shadowy altar of Dithmenos.
  1314 | D:3      | Reached ** piety under Beogh
  1315 | D:3      | Reached XP level 5. HP: 24/41 MP: 5/5
  1639 | D:3      | Noticed Pargi
  1656 | D:3      | Killed Pargi
  1657 | D:3      | Reached XP level 6. HP: 33/47 MP: 6/6
  1760 | D:3      | Noticed Jessica
  1765 | D:3      | Killed Jessica
  2454 | D:4      | Found a blossoming altar of Fedhas.
  2643 | D:4      | Noticed Blork the orc
  2649 | D:4      | Killed Blork the orc
  2708 | D:4      | Found an ancient bone altar of Kikubaaqudgha.
  2797 | D:4      | Found a burning altar of Makhleb.
  2891 | D:4      | Noticed Pikel
  3197 | D:4      | Reached skill level 1 in Invocations
  3197 | D:4      | Reached XP level 7. HP: 54/54 MP: 7/7
  3200 | D:4      | Reached skill level 5 in Ranged Weapons
  3540 | D:4      | Found a stormy altar of Qazlal.
  3567 | D:4      | Slain by a sleepcap

Illustrated notes

Levels and vault maps discovered:
D:1:      beargit_arrival_diablo_church, layout_loops_ring, solitary_fountain
D:2:      layout_rooms, serial_shops, shop, chequers_ecumenical_altar_simple
D:3:      layout_basic, nicolae_dithmenos_the_darkroom,
          minmay_misc_feat_four_crosses, uniq_jessica, uniq_pargi
D:4:      layout_cave_pods, overflow_temple_1_default,
          mainiacjoe_overflow_brackets, nicolae_kikubaaqudgha_miasma_corner,
          lemuel_doored_altar, amcnicky_altar_gilded, grunt_decor_mini_mirrors,
          hellmonk_no_cap, uniq_pikel, uniq_blork_the_orc

Skill      XL: |  1  2  3  4  5  6  7 |
---------------+----------------------+-----
Dodging        | 2 3 4 |  4.0
Stealth        | 1 2 |  2.8
Ranged Weapons | 4 5 |  5.2
Fighting       | 3 4 |  4.4
Invocations    | 1 |  1.7

Action                     |  1- 3 |  4- 6 |  7- 9 || total
---------------------------+-------+-------+-------++-------
   Fire: Sling             |   186 |   258 |    72 ||   516
    Use: Potion            |       |     2 |       ||     2
         Scroll            |       |     8 |       ||     8
 Armour: Leather armour    |    16 |    31 |    14 ||    61
         Skin              |       |    30 |       ||    30
  Dodge: Dodged            |    13 |    22 |     6 ||    41

Table legend: (Time is in decaauts)
 A = Elapsed time spent in this place.
 B = Non-inter-level travel time spent in this place.
 C = Inter-level travel time spent in this place.
 D = Time resting spent in this place.
 E = Time spent auto-exploring this place.
 F = Levels seen in this place.
 G = Mean time per level.
                   A        B        C        D        E       F      G
               +--------+--------+--------+--------+--------+-----+--------+
         Total |   3625 |   3580 |     45 |    243 |   2758 |   4 |  906.2 |
       Dungeon |   3625 |   3580 |     45 |    243 |   2758 |   4 |  906.2 |
               +--------+--------+--------+--------+--------+-----+--------+

Top non-repeatable levels by time:
     D:3: 1360 daAuts
     D:4: 1144 daAuts
     D:1: 711 daAuts
     D:2: 409 daAuts
